 Dungeon Crawl Stone Soup version 0.24.0-37-gcf1ca852f1 (webtiles) character file.

Game seed: 6447704200593422919, levelgen mode: deterministic

164 Delamore the Chopper (level 5, -2/45 HPs)
             Began as a Hill Orc Fighter on Dec 3, 2019.
             Slain by a river rat (5 damage)
             ... on level 3 of the Dungeon.
             The game lasted 00:02:53 (2212 turns).

Delamore the Chopper (Hill Orc Fighter)             Turns: 2212, Time: 00:02:54

Health: -2/45      AC:  8    Str: 20    XL:     5   Next: 45%
Magic:  5/5        EV: 12    Int:  8    God:
Gold:   62         SH: 12    Dex: 15    Spells: 4/4 levels left

rFire    . . .     SeeInvis .   a - +0 war axe
rCold    . . .     Gourm    .   c - +0 shield
rNeg     . . .     Faith    .   b - +0 scale mail
rPois    .         Spirit   .   (no helmet)
rElec    .         Reflect  +   (no cloak)
rCorr    .         Harm     .   s - +0 pair of gloves
MR       +....                  (no boots)
Stlth    +.........             u - +3 amulet of reflection
HPRegen  0.15/turn              t - ring of protection from magic
MPRegen  0.09/turn              (no ring)

@: agile, very slow
A: no striking features
a: no special abilities


You were on level 3 of the Dungeon.
You were hungry.

You visited 1 branch of the dungeon, and saw 3 of its levels.

You collected 62 gold pieces.

Inventory:

Hand Weapons
 a - a +0 war axe (weapon)
Missiles
 e - 6 javelins (quivered)
Armour
 b - a +0 scale mail (worn)
 c - a +0 shield (worn)
 s - a +0 pair of gloves (worn)
Jewellery
 t - a ring of protection from magic (left hand)
 u - a +3 amulet of reflection (around neck)
Wands
 l - a wand of acid (11)
Scrolls
 h - a scroll of enchant armour
 j - a scroll of remove curse
 k - 2 scrolls of teleportation
 m - a scroll of amnesia
 o - a scroll of immolation
Potions
 d - a potion of might
 g - a potion of agility
 i - a potion of brilliance {unknown}
 n - a potion of mutation {unknown}
 p - 2 potions of curing {unknown}
 q - a potion of haste {unknown}
Comestibles
 f - 8 rations
 r - 3 chunks of flesh


   Skills:
 - Level 3.6 Fighting
 + Level 7.3 Axes
 - Level 3.2 Armour
 - Level 3.2 Shields


You had 4 spell levels left.
You didn't know any spells.
Your spell library was empty.

Dungeon Overview and Level Annotations

Branches:
Dungeon (3/15)

Altars:
Makhleb
Uskayaw
Vehumet


Message History

The river rat bites you.
* * * LOW HITPOINT WARNING * * *
You block the river rat's attack.
Your unstable footing causes you to fumble your attack.
The river rat bites you.
* * * LOW HITPOINT WARNING * * *
The river rat barely misses you.
Your unstable footing causes you to fumble your attack.
The river rat bites you!
* * * LOW HITPOINT WARNING * * *
You slash the river rat!
The river rat is severely wounded.
Your shield and scale mail prevent you from hitting the river rat.
Your shield and scale mail prevent you from hitting the worm.
The river rat barely misses you. x2; You block the river rat's attack. x2
Unknown command.
It was a potion of agility.
You feel agile all of a sudden. The river rat bites you.
You die...

## #######. #≈
#####....... #≈
#...†....... ≈##
#####.###### #
≈≈# #...........
#≈##≈#
#.###.######
#≈≈≈r# #
#..##...
####w#≈#
#..######
#≈≈r@r≈# #..#
#†########..#
#≈≈≈≈÷≈≈≈≈.##
####≈#≈#≈≈.....#
≈≈≈≈≈.≈..###.#
....≈......#
#............#
#.##.###.....# #
... ..#####


You could see a worm, 2 river rats and a rat.

Vanquished Creatures
  A bullfrog zombie (D:2)
  2 adders (D:2)
  3 river rats (D:3)
  An ooze (D:1)
  6 worms
  2 dart slugs
  4 leopard geckos
  A giant cockroach (D:1)
  11 hobgoblins
  4 kobolds
  A quokka (D:2)
  2 ball pythons
  4 bats (D:1)
  6 frilled lizards
  9 goblins
  5 rats
62 creatures vanquished.

Notes
Turn   | Place    | Note
-------+----------+-------------------------------------------
     0 | D:1      | Delamore the Hill Orc Fighter began the quest for the Orb.
     0 | D:1      | Reached XP level 1. HP: 19/19 MP: 1/1
    31 | D:1      | Reached skill level 3 in Axes
   135 | D:1      | Reached XP level 2. HP: 26/26 MP: 2/2
   297 | D:1      | Reached skill level 4 in Axes
   450 | D:1      | Reached XP level 3. HP: 31/31 MP: 3/3
   735 | D:1      | Reached skill level 5 in Axes
  1128 | D:2      | Noticed a +0 hand axe
  1128 | D:2      | Noticed a +0 hand axe
  1225 | D:2      | Reached XP level 4. HP: 34/39 MP: 4/4
  1236 | D:2      | Reached skill level 6 in Axes
  1534 | D:2      | Reached XP level 5. HP: 39/45 MP: 5/5
  1616 | D:2      | Found a radiant altar of Vehumet.
  1774 | D:2      | Found a hide-covered altar of Uskayaw.
  1823 | D:2      | Found a burning altar of Makhleb.
  2127 | D:3      | Reached skill level 7 in Axes
  2210 | D:3      | HP: 2/45 [river rat (8)]
  2212 | D:3      | Slain by a river rat

Levels and vault maps discovered:
D:1:      erik_arrival_cave_to_civilisation [erik_arrival_cave_to_hall],
          layout_basic
D:2:      layout_basic, vehumet_crystals, dancing_weapons_uskayaw,
          lemuel_doored_altar
D:3:      layout_basic, first_ration, lightli_sewer_entry_pipes, uniq_ijyb

Skill      XL: |  1  2  3  4  5 |
---------------+----------------+-----
Axes           | 3 4 5 6 7 |  7.3
Fighting       | |  3.6
Armour         | |  3.2
Shields        | |  3.2

Action                   |  1- 3 |  4- 6 || total
-------------------------+-------+-------++-------
Melee: War axe           |   122 |   120 ||   242
  Use: Scroll            |       |     5 ||     5
       Potion            |       |     1 ||     1
  Eat: Chunk             |     1 |     3 ||     4
Armor: Scale mail        |    34 |    25 ||    59
Dodge: Dodged            |    39 |    23 ||    62
Block: Shield            |    53 |    65 ||   118
